 Dungeon Crawl Stone Soup version 0.29.1-12-g30fa7ad0bf (webtiles) character file.

Game seed: 9948031367451730233

50 DildoBatman the Conjurer (level 4, 0/32 HPs)
             Began as a Formicid Conjurer on Dec 12, 2022.
             Slain by a goblin
             ... wielding a +0 club
              (3 damage)
             ... on level 2 of the Dungeon.
             The game lasted 00:02:22 (971 turns).

DildoBatman the Conjurer (Formicid Conjurer)         Turns: 971, Time: 00:02:23

Health: 0/32       AC:  2    Str: 12    XL:     4   Next: 4%
Magic:  7/8        EV: 12    Int: 19    God:
Gold:   144        SH:  0    Dex: 12    Spells: 5/8 levels left

rFire   . . .      SeeInvis +   b - +2 dagger (elec)
rCold   . . .      Faith    .   (no shield)
rNeg    . . .      Spirit   .   m - +0 robe
rPois   .          Reflect  .   (helmet unavailable)
rElec   .          Harm     .   (no cloak)
rCorr   .          Rampage  .   (no gloves)
Will    .....                   (no boots)
Stlth   ++........              (no amulet)
HPRegen 0.10/turn               (no ring)
MPRegen 0.11/turn               (no ring)

@: no status effects
A: permanent stasis, dig shafts and tunnels, antennae 3, four strong arms
a: Dig, Shaft Self


You were on level 2 of the Dungeon.
You visited 1 branch of the dungeon, and saw 2 of its levels.

You collected 144 gold pieces.

Inventory:

Hand Weapons
 a - a +0 sling
 b - a +2 dagger of electrocution (weapon)
Missiles
 e - 13 stones
 l - 8 poisoned darts
Armour
 m - a +0 robe (worn)
Magical Staves
 d - a staff of conjuration
Scrolls
 g - a scroll of vulnerability {unknown}
 h - a scroll of magic mapping {unknown}
 i - a scroll of butterflies {unknown}
 k - a scroll of fear {unknown}
 n - 3 scrolls of teleportation {unknown}
 p - 2 scrolls of torment {unknown}
Potions
 c - 3 potions of curing {unknown}
 f - a potion of lignification {unknown}
 j - a potion of magic
 o - a potion of haste {unknown}
 q - a potion of brilliance {unknown}


   Skills:
 * Level 1.4 Fighting
 * Level 1.5 Armour
 - Level 2.0 Dodging
 - Level 2.4 Stealth
 * Level 2.7 Spellcasting
 * Level 3.9 Conjurations


You had 5 spell levels left.
You knew the following spells:

 Your Spells              Type           Power      Damage    Failure   Level
a - Searing Ray           Conj           34%        2d5       4%          2
c - Magic Dart            Conj           68%        1d6       3%          1

Your spell library contained the following spells:

 Spells                   Type           Power      Damage    Failure   Level
 Dazzling Flash           Conj/Hex       20%        N/A       22%         3
 Call Imp                 Summ           2%         N/A       24%         2
 Mephitic Cloud           Conj/Pois/Air  7%         N/A       28%         3
 Gell's Gravitas          Tloc           2%         N/A       43%         3
 Lesser Beckoning         Tloc           2%         N/A       43%         3
 Teleport Other           Tloc           2%         N/A       43%         3
 Fulminant Prism          Conj/Hex       5%         3d7       56%         4
 Iskenderun's Mystic Bla  Conj/Tloc      10%        2d4       56%         4
 Dispersal                Tloc           1%         N/A       100%        6


Dungeon Overview and Level Annotations

Branches:
Dungeon (2/15)

Altars:


Innate Abilities, Weirdness & Mutations

You cannot be hasted, slowed, berserked, paralysed or teleported.
You can dig through walls and to a lower floor.
You have a pair of large antennae on your head. (SInv)
Your four strong arms can wield two-handed weapons with a shield.


Message History

You shout for attention!
The giant cockroach bites you but does no damage.
The goblin hits you with a +0 club. What are your orders? t - Shout!
Orders for allies: a - Attack new target. r - Retreat! s - Stop attacking. g - Guard the area. f - Follow me.
Anything else - Cancel.
You shout for attention!
The giant cockroach bites you. The goblin closely misses you.
What are your orders? t - Shout!
Orders for allies: a - Attack new target. r - Retreat! s - Stop attacking. g - Guard the area. f - Follow me.
Anything else - Cancel.
You shout for attention!
The giant cockroach bites you. x2
The goblin barely misses you. What are your orders? t - Shout!
Orders for allies: a - Attack new target. r - Retreat! s - Stop attacking. g - Guard the area. f - Follow me.
Anything else - Cancel.
You shout for attention!
The giant cockroach closely misses you. The goblin hits you with a +0 club.
What are your orders? t - Shout!
Orders for allies: a - Attack new target. r - Retreat! s - Stop attacking. g - Guard the area. f - Follow me.
Anything else - Cancel.
You shout for attention!
The giant cockroach bites you. The goblin hits you with a +0 club.
You die...

#.† #.. ##.. .# #.. )... ..# ###
#..# ...##.# #8# ...
###.....#...... #_# #.##
...w..##...... ###.# #..###
............. ###~~.##
#..g###†.........## #P~P[P##.
#.@B..............#
.~...###.######.#######..........
~.####..........# #.....###
###.##...#......#########........
# #.##.# #.####....)†.))....#####
#.##.# #.# ##########..### #.##.#
#.# #..# #.##.# #.# #..#
###.##.###.####### ....


You could see a giant cockroach and a goblin.

Vanquished Creatures
  2 adders (D:2)
  2 dart slugs
  2 ball pythons (D:2)
  A hobgoblin (D:2)
  2 jackals (D:2)
  2 quokkas (D:1)
  4 bats
  3 frilled lizards
  6 goblins
  2 kobolds
  4 rats
30 creatures vanquished.

Notes
Turn   | Place    | Note
-------+----------+-------------------------------------------
     0 | D:1      | DildoBatman the Formicid Conjurer began the quest for the
                  | Orb.
     0 | D:1      | Reached XP level 1. HP: 13/13 MP: 3/3
   176 | D:1      | Reached XP level 2. HP: 18/20 MP: 5/5
   179 | D:1      | Learned a level 2 spell: Searing Ray
   712 | D:2      | Reached skill level 1 in Fighting
   712 | D:2      | Reached skill level 1 in Armour
   788 | D:2      | Found a faded altar of an unknown god.
   822 | D:2      | Reached XP level 3. HP: 26/26 MP: 3/6
   920 | D:2      | Reached XP level 4. HP: 22/32 MP: 1/8
   971 | D:2      | Slain by a goblin

Illustrated notes

Levels and vault maps discovered:
D:1:      heliophobic_arrival_battle_scene, layout_loops_ring,
          grunt_decor_one_mirror
D:2:      layout_loops_ring, shapermc_ecumenical_altar_hornbeckon, serial_shops,
          shop, minmay_randomly_rotated_circles, uniq_sigmund

Skill      XL: |  1  2 |
---------------+-------+-----
Dodging        | 2 |  2.0
Fighting       | 1 |  1.4
Armour         | 1 |  1.5
Stealth        | |  2.4
Spellcasting   | |  2.7
Conjurations   | |  3.9

Action                   |  1- 3 |  4- 6 || total
-------------------------+-------+-------++-------
Melee: Dagger            |    33 |       ||    33
       Punch             |     2 |       ||     2
 Fire: Sling             |     8 |       ||     8
 Cast: Magic Dart        |    14 |       ||    14
       Searing Ray       |     4 |       ||     4
 Stab: Sleeping          |     4 |       ||     4
Armor: Robe              |     7 |    11 ||    18
Dodge: Dodged            |    24 |    43 ||    67
